 Dungeon Crawl Stone Soup version 0.17.1-2-g5865329 (webtiles) character file.

606 yupa the Grave Robber (level 7, 0/36 HPs)
             Began as a Deep Elf Necromancer on Jan 30, 2016.
             Succumbed to a worker ant's poison
             ... on level 4 of the Dungeon.
             The game lasted 01:04:57 (4865 turns).

yupa the Grave Robber (Deep Elf Necromancer)        Turns: 4865, Time: 01:04:57

Health: 0/36       AC:  3    Str: 10    XL:     7   Next: 19%
Magic:  3/20       EV: 13    Int: 22    God:
Gold:   85         SH:  0    Dex: 15    Spells: 5 memorised, 8 levels left

rFire  . . .     SeeInvis +     f - +4 dagger (freeze)
rCold  . . .     Clarity  .     a - +0 robe
rNeg   . . .     SustAt   .     (no shield)
rPois  .         Gourm    .     (no helmet)
rElec  .         Spirit   .     (no cloak)
rCorr  .         Warding  .     o - +0 pair of gloves
rMut   .         Stasis   .     (no boots)
MR     .....                    (no amulet)
Stlth  ++........               (no ring)
                                k - ring of see invisible

@: mighty, lethally poisoned (0 -> -1), not resistant to hostile enchantments,
unstealthy
A: no striking features
a: no special abilities


You were on level 4 of the Dungeon.
You were very full.

You visited 1 branch of the dungeon, and saw 4 of its levels.

You collected 85 gold pieces.

Inventory:

Hand Weapons
 d - a +0 dagger
 f - a +4 dagger of freezing (weapon)
 j - a +0 short sword
 s - a cursed -1 scythe
 v - a +0 rapier of protection
Missiles
 g - 65 stones (quivered)
Armour
 a - a +0 robe (worn)
 o - a +0 pair of gloves (worn)
 t - a +0 robe
Jewellery
 k - a ring of see invisible (left hand)
Scrolls
 h - 6 scrolls of remove curse
 p - 2 scrolls of recharging
Books
 b - a book of Necromancy

   Spells                             Type                      Level
   a - Pain                           Necromancy                   1
   b - Animate Skeleton               Necromancy                   1
   c - Vampiric Draining              Necromancy                   3
   d - Regeneration                   Charms/Necromancy            3
   e - Animate Dead                   Necromancy                   4
   f - Control Undead                 Necromancy                   4
Comestibles
 c - 2 bread rations
 q - 7 fruits


   Skills:
 + Level 3.0 Dodging
 + Level 3.3 Stealth
 + Level 7.6 Spellcasting
 + Level 7.8 Necromancy


You had 8 spell levels left.
You knew the following spells:

 Your Spells              Type           Power        Failure   Level  Hunger
a - Pain                  Necr           ####         1%          1    None
b - Animate Skeleton      Necr           N/A          1%          1    None
c - Vampiric Draining     Necr           #####.....   1%          3    None
d - Animate Dead          Necr           N/A          3%          4    ###....
e - Control Undead        Necr           #####.....   3%          4    ###....


Dungeon Overview and Level Annotations

Branches:
Dungeon (4/15)
 Temple: D:4-7

Altars:


Message History

You are lethally poisoned!
The worker ant poisons you!
You hit the worker ant. You freeze the worker ant.
You kill the worker ant!
* * * LOW HITPOINT WARNING * * *
You feel sick.
Read which item? (? for menu, Esc to quit)
Okay, then.
Read which item? (? for menu, Esc to quit)
Okay, then.
* * * LOW HITPOINT WARNING * * *
You feel sick.
You see here a jackal corpse.
* * * LOW HITPOINT WARNING * * *
You feel sick.
* * * LOW HITPOINT WARNING * * *
You feel sick.
* * * LOW HITPOINT WARNING * * *
You feel sick.
You die...

.#........# o# ##.
###.###.### o# ... .#.##
#.## o# #.# ## #<##
#..####)# #.####... #.#
#.......# ####.......#
#.# #..###### #
#..........# #.# #..# .#
#.##.####### #.#
#..#########.# #.##.# #.#
#.........@..# #.##.# ...
...........#####)##.# ..#
#.###.#..............####
#.
#...###.###...........#
#.# #.# #.#.##.####.# .
#.# #....#.# ... #...†..#
.#.........#
#...........)...


There were no monsters in sight!

Vanquished Creatures
  The ghost of Clownie the Martial Artist, a novice OpMo (D:4)
  Sigmund (D:3)
  An ogre (D:4)
  Ijyb (D:3)
  An orc wizard (D:4)
  A worker ant (D:4)
  4 adders
  An ooze (D:1)
  A worm (D:2)
  3 giant geckos
  2 orcs (D:3)
  12 hobgoblins
  11 kobolds
  11 bats
  5 giant cockroaches
  6 giant newts
  6 goblins
  8 jackals
  A quokka (D:2)
  10 rats
87 creatures vanquished.

Vanquished Creatures (collateral kills)
  3 hobgoblins
  A jackal (D:4)
  A quokka (D:4)
  A ball python (D:1)
  2 giant newts (D:1)
  2 kobolds
10 creatures vanquished.

Grand Total: 97 creatures vanquished

Notes
Turn   | Place    | Note
--------------------------------------------------------------
     0 | D:1      | yupa the Deep Elf Necromancer began the quest for the Orb.
     0 | D:1      | Reached XP level 1. HP: 10/10 MP: 6/6
    31 | D:1      | Learned a level 1 spell: Animate Skeleton
    39 | D:1      | Reached skill level 5 in Necromancy
   519 | D:1      | Reached XP level 2. HP: 12/15 MP: 4/8
  1242 | D:1      | Reached XP level 3. HP: 19/19 MP: 8/10
  1268 | D:1      | Learned a level 3 spell: Vampiric Draining
  2586 | D:2      | Reached XP level 4. HP: 20/24 MP: 6/12
  2592 | D:2      | Learned a level 4 spell: Animate Dead
  3489 | D:3      | Reached skill level 5 in Spellcasting
  3491 | D:3      | Noticed Ijyb
  3550 | D:3      | Killed Ijyb
  3550 | D:3      | Reached skill level 6 in Necromancy
  3741 | D:3      | Reached XP level 5. HP: 24/28 MP: 11/15
  3742 | D:3      | Noticed Sigmund
  3764 | D:3      | Learned a level 4 spell: Control Undead
  4175 | D:3      | Killed Sigmund
  4175 | D:3      | Reached XP level 6. HP: 21/32 MP: 12/17
  4768 | D:4      | Noticed Clownie's ghost (novice OpMo)
  4768 | D:4      | Reached skill level 7 in Necromancy
  4794 | D:4      | Killed Clownie's ghost
  4794 | D:4      | Reached XP level 7. HP: 14/36 MP: 8/19
  4857 | D:4      | HP: 1/36 [poisoned by a worker ant]
  4865 | D:4      | Succumbed to a worker ant's poison

Action                   |  1- 3 |  4- 6 |  7- 9 || total
-------------------------+-------+-------+-------++-------
Melee: Dagger            |       |    12 |     2 ||    14
 Cast: Pain              |    79 |    62 |    10 ||   151
       Animate Skeleton  |    23 |     1 |       ||    24
       Vampiric Draining |     1 |     2 |       ||     3
       Animate Dead      |       |    14 |     2 ||    16
  Use: Scroll            |     2 |     7 |       ||     9
       Potion            |       |     4 |     1 ||     5
  Eat: Chunk             |     2 |       |       ||     2
       Meat ration       |     1 |     1 |       ||     2
       Bread ration      |       |     2 |       ||     2
